 Dungeon Crawl Stone Soup version 0.19.5 (webtiles) character file.

26 tryignan the Ogre Mage (level 3, 0/32 HPs)
             Began as an Ogre Wizard on May 4, 2017.
             Slain by a jackal (1 damage)
             ... on level 2 of the Dungeon.
             The game lasted 00:07:00 (777 turns).

tryignan the Ogre Mage (Ogre Wizard)                 Turns: 777, Time: 00:07:02

Health: 0/32       AC:  3    Str: 13    XL:     3   Next: 8%
Magic:  8/8        EV: 10    Int: 17    God:
Gold:   56         SH:  0    Dex:  8    Spells: 1 memorised, 9 levels left

rFire  . . .     SeeInvis .     k - +3 hunting sling (flame)
rCold  . . .     Gourm    .     a - +0 robe
rNeg   . . .     Faith    .     (no shield)
rPois  .         Spirit   .     b - +0 hat
rElec  .         Reflect  .     (no cloak)
rCorr  .         Harm     .     (gloves unavailable)
MR     .....                    (boots unavailable)
Stlth  +.........               f - amulet of magic regeneration
                                (no ring)
                                (no ring)

@: no status effects
A: unfitting armour, tough skin 1
a: no special abilities


You were on level 2 of the Dungeon.
You were not hungry.

You visited 1 branch of the dungeon, and saw 2 of its levels.

You collected 56 gold pieces.

Inventory:

Hand Weapons
 k - a +3 hunting sling of flaming (weapon)
Missiles
 h - 23 sling bullets (quivered)
 j - 24 stones
Armour
 a - a +0 robe (worn)
 b - a +0 hat (worn)
 e - a +0 ring mail
 g - a +0 helmet
 i - a +0 chain mail
 l - a +0 leather armour
Jewellery
 f - an amulet of magic regeneration (around neck)
Books
 c - a book of Minor Magic

   Spells                             Type                      Level
   a - Magic Dart                     Conjuration                  1
   b - Blink                          Translocation                2
   c - Call Imp                       Summoning                    2
   d - Repel Missiles                 Charms/Air                   2
   e - Slow                           Hexes                        2
   f - Conjure Flame                  Conjuration/Fire             3
   g - Mephitic Cloud                 Conjuration/Poison/Air       3
Comestibles
 d - a bread ration


   Skills:
 + Level 0.3 Fighting
 + Level 0.1 Slings
 + Level 2.0 Dodging
 + Level 1.6 Stealth
 + Level 4.2 Spellcasting
 + Level 0.9 Conjurations
   Level 0.6 Summonings
   Level 0.6 Translocations


You had 9 spell levels left.
You knew the following spells:

 Your Spells              Type           Power        Failure   Level  Hunger
a - Magic Dart            Conj           #...         12%         1    None


Dungeon Overview and Level Annotations

Branches:
Dungeon (2/15)

Altars:


Innate Abilities, Weirdness & Mutations

You are too large for most types of armour.
You have tough skin. (AC +1)


Message History

* * * LOW HITPOINT WARNING * * *
Firing (i - inventory. (,) - cycle):
h - 25 sling bullets (quivered)
Press: ? - help, Shift-Dir - straight line, f/p - jackal
Aim: a jackal (heavily wounded)
You shoot a sling bullet. The sling bullet misses the jackal.
The sling bullet barely misses the giant cockroach.
The jackal bites you but does no damage.
The jackal closely misses you.
Fire/throw which item? (* to show all) (? for menu, Esc to quit)
Okay, then.
Firing (i - inventory. (,) - cycle):
h - 24 sling bullets (quivered)
Press: ? - help, Shift-Dir - straight line, f/p - jackal
Aim: a jackal You shoot a sling bullet.
The sling bullet closely misses the jackal.
The sling bullet hits the giant cockroach!
The sling bullet burns the giant cockroach.
You kill the giant cockroach!
The jackal bites you.
You die...

#..## .######..#
.........#
.######.## ## #.#
##.. #.# ...###
#†#
...#.#..######.###
.....(..(.((h@(.(#
.<...###≈..≈###..#
.##
#..%#≈≈#...#....
#.⌠.#≈≈#.⌠.#.####
#...#≈≈#...#.#
..###≈≈≈≈###..#
... ≈≈≈≈≈≈ ..# ..
.≈≈≈≈≈≈. .#


You could see a jackal.

Vanquished Creatures
  3 leopard geckos (D:1)
  3 giant cockroaches
  2 hobgoblins (D:1)
  5 jackals (D:2)
  3 kobolds
  A bat (D:1)
  A frilled lizard (D:1)
  A rat (D:2)
19 creatures vanquished.

Notes
Turn   | Place    | Note
-------+----------+-------------------------------------------
     0 | D:1      | tryignan the Ogre Wizard began the quest for the Orb.
     0 | D:1      | Reached XP level 1. HP: 16/16 MP: 5/5
   270 | D:1      | Reached XP level 2. HP: 18/24 MP: 0/6
   352 | D:1      | Reached skill level 4 in Spellcasting
   774 | D:2      | Reached XP level 3. HP: 4/32 MP: 8/8
   775 | D:2      | HP: 1/32 [jackal (1)]
   777 | D:2      | Slain by a jackal

Skill      XL: |  1  2  3 |
---------------+----------+-----
Spellcasting   | 4 |  4.2
Dodging        | 2 |  2.0
Fighting       | |  0.3
Slings         | |  0.1
Stealth        | |  1.6
Conjurations   | |  0.9
Summonings     | |  0.6
Translocations | |  0.6

Action                   || total
-------------------------++-------
Melee: Unarmed           ||    40
       Hunting sling     ||     1
 Fire: Hunting sling     ||    21
Throw: Stone             ||     1
 Cast: Magic Dart        ||    22
  Use: Scroll            ||     3
Armor: Robe              ||    35
Dodge: Dodged            ||    49
